 Dungeon Crawl Stone Soup version 0.30-b1-2-g02819fbbbe (webtiles) character file.

Game seed: 12864835502072618828

30 Arzdou the Ducker (level 3, -3/30 HPs)
             Began as a Merfolk Monk on May 25, 2023.
             Killed from afar by Sigmund (10 damage)
             ... with a puff of flame
             ... on level 2 of the Dungeon.
             The game lasted 00:00:59 (711 turns).

Arzdou the Ducker (Merfolk Monk)                     Turns: 711, Time: 00:00:59

Health: -3/30      AC:  3    Str: 11    XL:     3   Next: 18%
Magic:  3/3        EV: 14    Int:  9    God:
Gold:   26         SH:  0    Dex: 18    Spells: 2/2 levels left

rFire   . . .        a - +0 falchion
rCold   . . .        d - orb {light}
rNeg    . . .        b - +0 robe
rPois   .            h - +1 hat
rElec   .            (no cloak)
rCorr   .            (no gloves)
SInv    .            (no boots)
Will    .....        (no amulet)
Stlth   +            (no ring)
HPRegen 0.25/turn    (no ring)
MPRegen 0.08/turn

%: no passive effects
@: confused, ambrosia-drunk, glowing
A: (nimble swimmer 2), mertail
a: no special abilities


You were on level 2 of the Dungeon.
You visited 1 branch of the dungeon, and saw 2 of its levels.

You collected 26 gold pieces.

Inventory:

Hand Weapons
 a - a +0 falchion (weapon)
Armour
 b - a +0 robe (worn)
 d - an orb of light (worn)
 h - a +1 hat (worn)
Scrolls
 g - 2 scrolls of identify {unknown}
Potions
 e - a potion of cancellation {unknown}
 f - a potion of brilliance {unknown}
 i - a potion of degeneration {unknown}
 j - a potion of might {unknown}


   Skills:
 + Level 3.8 Fighting
 + Level 4.1 Long Blades
 + Level 4.6 Dodging


You had 2 spell levels left.
You didn't know any spells.
Your spell library was empty.

Dungeon Overview and Level Annotations

Branches:
Dungeon (2/15)

Altars:

Annotations:
D:2 Sigmund


Innate Abilities, Weirdness & Mutations

((You are very nimble when in or above water. (Stealth+, EV+, Speed+++)))
Your lower body shifts to a powerful aquatic tail in water.


Message History

You are too confused!
You are too confused!
You are too confused!
You are too confused!
You are too confused!
You are too confused!
You are too confused!
You are too confused!
You are too confused!
You are too confused!
Sigmund drinks a potion.
Sigmund seems to speed up.
Sigmund gestures at you while chanting. The puff of flame hits you!
You feel less confused.
Sigmund points at you and mumbles some strange words.
You are confused.
You bump into the rock wall.
An endoplasm comes into view.
The endoplasm quivers.
The endoplasm moves out of view.
Sigmund barely misses you.
You feel less confused. Sigmund hits you with a +0 scythe.
You hit Sigmund.
Sigmund is lightly wounded.
Sigmund hits you with a +0 scythe.
You slash Sigmund!
Sigmund is heavily wounded.
Sigmund gestures at you while chanting. You resist with significant effort.
Sigmund completely misses you. The endoplasm freezes you.
You are frozen.
* * * LOW HITPOINT WARNING * * *
You are confused.
You feel invigorated. Sigmund hits you with a +0 scythe!
* * * LOW HITPOINT WARNING * * *
The endoplasm hits you but does no damage.
Sigmund gestures at you while chanting. The puff of flame hits you!
You die...

#. #..# . #..# .
###..# # #.#.#..# .
...#.#.#..####..
................
###..#..........
##..#.@.J#####..
........@........
###.##....######.
...#.####.##....#
#......<....†...###
#.##.#######......#
$......)††..#.#
............#.#
...........## #
.........###


You could see Sigmund (fast) and an endoplasm.

Vanquished Creatures
  2 ball pythons (D:1)
  4 endoplasms
  2 giant cockroaches (D:2)
  2 goblins (D:1)
  2 hobgoblins (D:1)
  4 jackals (D:2)
  6 kobolds
  A frilled lizard (D:1)
  2 rats (D:1)
25 creatures vanquished.

Notes
Turn   | Place    | Note
-------+----------+-------------------------------------------
     0 | D:1      | Arzdou the Merfolk Monk began the quest for the Orb.
     0 | D:1      | Reached XP level 1. HP: 18/18 MP: 1/1
   225 | D:1      | Reached XP level 2. HP: 24/24 MP: 2/2
   521 | D:1      | Found a faded altar of an unknown god.
   647 | D:2      | Reached XP level 3. HP: 23/30 MP: 3/3
   692 | D:2      | Noticed Sigmund
   711 | D:2      | Killed from afar by Sigmund

Illustrated notes

Levels and vault maps discovered:
D:1:      amcnicky_arrival_wind_blow, layout_rooms,
          hellmonk_ecumenical_altar_inner_sanctum
D:2:      layout_basic, uniq_jessica, uniq_robin, uniq_crazy_yiuf_cottage,
          uniq_sigmund

Skill      XL: |  1  2 |
---------------+-------+-----
Long Blades    | 4 |  4.1
Fighting       | |  3.8
Dodging        | |  4.6

Action                     || total
---------------------------++-------
  Melee: Falchion          ||    72
    Use: Potion            ||     1
 Armour: Robe              ||    18
  Dodge: Dodged            ||    68
